Map: 16-Bit LE

Players

Adam - Winner!

  • Race: Protoss Protoss
  • League: Gold
  • Spawn Location: 7:00

mhaley

  • Race: Protoss Protoss
  • League: Gold
  • Spawn Location: 1:00

VOD

Have the link to the VOD?

Description

Time

  • Played on: May 22, 2018, 1:27 a.m.
  • Length: 31:48
Show
View Real Time Build Order
Export as new Build Order

Adam Protoss - Winner!

Build Orders: Oracle Opening 

Get SALT Encoding   

  12  0:10  Probe  
  12  0:11  Pylon  
  13  0:18  Probe  
  13  0:28  Probe  
  15  0:39  Gateway  
  15  0:41  Probe  
  16  0:53  Probe  
  17  1:00  Assimilator  
  17  1:05  Probe  
  18  1:17  Pylon, Probe  
  19  1:29  Probe  
  20  1:37  Probe  
  20  1:38  Cybernetics Core  
  20  1:41  Assimilator  
  21  1:48  Probe  
  22  1:59  Probe  
  23  2:06  Gateway  
  23  2:11  Probe  
  23  2:15  Adept  
  26  2:34  Stargate  
  26  2:40  Adept  
  28  2:57  Adept, Nexus  
  30  3:04  Pylon  
  30  3:16  Pylon  
  30  3:48  Stalker  
  30  3:53  Oracle  
  32  3:55  Probe  
  32  3:57  Stalker  
  37  4:27  Stalker  
  39  4:37  Probe  
  36  4:46  Assimilator, Probe  
  36  4:49  Pylon  
  37  4:55  Probe  
  37  4:57  Robotics Facility  
  37  4:58  Warp Gate  
  38  5:00  Robotics Facility  
  38  5:05  Pylon  
  38  5:08  Probe  
  38  5:11  Pylon  
  39  5:16  Stalker x2  
  39  5:20  Probe  
  44  5:37  Probe  
  44  5:38  Shield Battery  
  45  5:45  Probe  
  42  5:52  Immortal x2  
  42  5:54  Probe  
  48  6:07  Probe  
  47  6:19  Probe  
  47  6:25  Observer x2  
  48  6:26  Stalker  
  48  6:27  Stalker  
  54  6:33  Shield Battery  
  54  6:34  Probe  
  54  6:38  Forge  
  55  6:40  Pylon  
  55  6:42  Probe x2  
  57  6:50  Probe  
  57  6:51  Probe  
  58  6:59  Oracle, Probe  
  62  7:05  Probe  
  64  7:12  Probe  
  65  7:17  Probe  
  65  7:21  Observer x2  
  68  7:24  Probe  
  68  7:29  Probe  
  70  7:36  Probe  
  71  7:40  Protoss Ground Weapons Level 1  
  71  7:50  Nexus  
  71  8:11  Warp Prism x2  
  75  8:18  Phoenix  
  77  8:21  Probe  
  78  8:27  Photon Cannon  
  78  8:30  Photon Cannon  
  78  8:33  Pylon, Probe  
  78  8:40  Assimilator  
  70  9:25  Probe  
  70  9:26  Immortal x2  
  79  9:33  Probe  
  79  9:34  Probe  
  81  9:39  Probe  
  81  9:40  Photon Cannon  
  81  9:41  Probe  
  81  9:42  Photon Cannon  
  83  9:46  Probe  
  83  9:47  Probe  
  83  9:49  Probe  
  85  9:57  Probe x2  
  85  9:58  Probe  
  88  10:05  Assimilator, Observer  
  88  10:06  Observer  
  91  10:08  Pylon  
  91  10:09  Probe x2  
  91  10:10  Pylon  
  91  10:12  Pylon  
  93  10:21  Probe  
  94  10:22  Probe  
  94  10:27  Immortal x2  
  103  10:49  Probe  
  103  10:52  Nexus  
  103  10:55  Assimilator, Probe  
  105  10:57  Probe  
  105  10:58  Phoenix, Assimilator  
  105  11:01  Pylon  
  105  11:02  Stalker  
  105  11:03  Stalker  
  112  11:05  Pylon  
  112  11:07  Probe x2  
  112  11:09  Pylon  
  114  11:19  Probe x2  
  114  11:23  Phoenix  
  118  11:31  Probe  
  118  11:32  Probe  
  120  11:39  Immortal x2  
  128  11:44  Probe  
  129  11:47  Robotics Bay  
  129  11:50  Fleet Beacon  
  129  11:53  Twilight Council  
  129  12:00  Robotics Facility  
  129  12:02  Pylon  
  129  12:03  Probe  
  129  12:05  Photon Cannon  
  129  12:07  Photon Cannon  
  130  12:11  Probe  
  131  12:18  Immortal x2  
  131  12:20  Probe  
  140  12:32  Probe  
  141  12:44  Probe  
  138  13:09  Stalker x2  
  133  13:25  Phoenix  
  130  13:34  Probe  
  131  13:42  Probe  
  132  13:50  Phoenix  
  132  13:52  Probe  
  135  14:04  Probe  
  136  14:16  Probe  
  134  14:42  Probe  
  134  14:50  Probe  
  136  15:00  Probe  
  137  15:12  Probe  
  138  15:18  Colossus x2  
  138  15:19  Colossus  
  156  15:23  Gateway  
  156  15:24  Gateway, Probe  
  157  15:32  Templar Archives  
  157  15:34  Dark Shrine  
  157  15:41  Nexus  
  157  15:45  Assimilator  
  157  15:48  Mothership, Photon Cannon  
  165  15:51  Photon Cannon  
  165  15:56  Photon Cannon  
  165  15:58  Photon Cannon  
  165  16:32  Pylon  
  165  16:38  Pylon  
  165  16:42  Pylon  
  165  16:43  Nexus  
  165  16:44  Assimilator, Pylon x2  
  165  16:45  Charge, Pylon  
  165  16:47  Protoss Ground Armor Level 1  
  165  16:49  Graviton Catapult, Assimilator  
  165  16:50  Probe  
  165  16:54  Pylon, Probe  
  166  17:01  Pylon  
  167  17:02  Probe x2  
  167  17:05  Extended Thermal Lance  
  169  17:10  High Templar  
  169  17:11  High Templar  
  169  17:12  Probe  
  169  17:14  Pylon, Probe  
  175  17:22  Pylon  
  174  17:24  Probe  
  174  17:26  Probe  
  174  17:28  Nexus  
  176  17:31  Assimilator  
  176  17:32  Archon  
  176  17:33  Assimilator  
  176  17:36  Probe  
  177  17:37  Pylon  
  177  17:38  Probe  
  177  17:42  Pylon  
  178  17:46  Pylon  
  178  18:00  Pylon  
  178  18:03  Photon Cannon  
  178  18:07  Photon Cannon  
  178  18:09  Pylon  
  178  18:10  Probe  
  178  18:12  Shield Battery, Photon Cannon  
  178  18:15  Photon Cannon  
  178  18:18  Probe  
  178  18:19  Photon Cannon  
  179  18:22  Photon Cannon  
  179  18:25  Photon Cannon  
  180  18:27  Probe  
  180  18:28  Photon Cannon  
  181  18:36  Immortal x3  
  181  18:38  High Templar x2  
  181  18:39  High Templar, Probe  
  200  18:45  Archon  
  200  18:49  Blink  
  200  18:50  Protoss Ground Armor Level 2, Psionic Storm  
  200  18:56  Anion Pulse-Crystals  
  200  20:36  Photon Cannon  
  200  20:37  Photon Cannon  
  200  20:40  Photon Cannon  
  200  20:44  Photon Cannon  
  200  20:49  Photon Cannon  
  200  20:53  Shield Battery  
  200  20:55  Shield Battery  
  111  21:46  Zealot x2  
  111  21:47  Zealot x2  
  95  22:29  Stalker  
  93  22:30  Stalker x2  
  93  22:31  Stalker  
  93  22:33  Immortal x3  
  111  22:46  Pylon  
  111  22:49  Pylon  
  111  22:51  Mothership  
  119  22:52  Gateway  
  119  22:59  Gateway, Dark Templar  
  119  23:00  Dark Templar  
  119  23:01  Dark Templar  
  119  23:02  Dark Templar  
  119  23:04  Gateway  
  127  23:07  Gateway  
  127  23:39  Dark Templar x2  
  127  23:40  Dark Templar x2  
  134  24:05  Immortal x3  
  134  24:27  Zealot  
  134  24:28  Zealot x2  
  134  24:29  High Templar  
  134  24:30  High Templar x2  
  134  24:31  High Templar  
  146  24:32  High Templar  
  148  24:44  Immortal  
  144  25:02  Dark Templar  
  136  25:23  Dark Templar  
  136  25:24  Dark Templar x2  
  136  25:25  Dark Templar  
  132  25:57  Dark Templar  
  134  26:06  Dark Templar  
  136  26:16  Colossus  
  136  26:17  Colossus x2  
  154  26:21  Archon  
  154  26:22  Archon  
  154  26:26  High Templar  
  154  26:32  Carrier  
  152  26:37  Protoss Ground Weapons Level 2  
  158  26:41  Observer Gravitic Boosters  
  158  26:45  Protoss Air Weapons Level 1  
  158  26:52  Gateway  
  158  27:02  Stargate  
  158  27:04  Stargate  
  158  27:07  Photon Cannon  
  156  27:09  Stargate, Photon Cannon  
  156  27:12  Photon Cannon  
  156  27:25  Zealot  
  156  27:26  Zealot x3  
  156  27:27  Zealot x3  
  156  27:28  Zealot  
  172  27:38  Gravitic Drive  
  172  27:57  Zealot x3  
  172  27:58  Zealot x3, Assimilator  
  182  27:59  Zealot  
  182  28:00  Zealot, Nexus  
  182  28:02  Pylon  
  182  28:03  Assimilator  
  188  28:06  Pylon  
  188  28:07  Pylon  
  188  28:08  Tempest x2  
  194  28:40  Protoss Air Armor Level 1  
  194  28:52  Dark Templar x2  
  194  28:53  Protoss Ground Armor Level 3, Dark Templar  
  194  29:35  Dark Templar x2  
  194  29:37  Zealot x2  
  184  29:48  Observer x3  
  173  30:03  Observer  
  170  31:03  Zealot x2  
  170  31:04  Zealot x3  
  174  31:05  Zealot x2  
  174  31:06  Zealot  
  174  31:07  Zealot  
  186  31:13  Photon Cannon  
  186  31:16  Photon Cannon  
  186  31:19  Photon Cannon  
  186  31:23  Photon Cannon  
Show
View Real Time Build Order
Export as new Build Order

mhaley Protoss 

Build Orders: 1 Gate Expand, Zealot Archon 

Get SALT Encoding   

  12  0:01  Probe  
  13  0:13  Probe  
  14  0:21  Pylon  
  14  0:25  Probe  
  15  0:44  Gateway  
  15  0:45  Probe  
  16  0:54  Probe  
  16  1:00  Assimilator  
  16  1:02  Probe  
  18  1:11  Probe  
  19  1:23  Probe  
  20  1:35  Probe  
  20  1:36  Cybernetics Core  
  21  1:42  Nexus  
  21  1:52  Assimilator  
  21  2:06  Pylon, Probe  
  22  2:13  Gateway  
  22  2:15  Adept  
  22  2:18  Probe  
  22  2:19  Warp Gate  
  25  2:34  Probe  
  26  2:40  Twilight Council  
  26  2:46  Adept  
  28  2:53  Probe  
  29  3:01  Probe  
  30  3:10  Probe  
  30  3:12  Robotics Facility  
  30  3:15  Adept x2  
  35  3:21  Probe  
  36  3:29  Probe  
  37  3:39  Pylon, Probe  
  38  3:59  Warp Prism  
  38  4:06  Probe  
  35  4:13  Assimilator  
  35  4:14  Probe  
  34  4:24  Probe  
  34  4:47  Dark Shrine  
  34  4:52  Probe  
  35  5:00  Probe  
  35  5:06  Gateway x2  
  36  5:09  Pylon  
  36  5:10  Gateway, Probe  
  11  5:38  Zealot x2  
  14  5:46  Probe  
  11  5:58  Probe  
  10  6:06  Probe  
  10  6:07  Dark Templar x2  
  11  6:14  Probe  
  11  6:16  Archon  
  9  6:21  Probe  
  11  6:29  Probe, Warp Prism  
  13  6:38  Probe  
  14  6:41  Probe  
  16  6:50  Probe  
  17  6:56  Probe  
  18  7:06  Observer  
  19  7:12  Probe  
  19  7:20  Probe  
  21  7:30  Probe  
  22  8:19  Probe  
  23  8:29  Dark Templar  
  23  8:31  Probe  
  26  8:43  Probe  
  25  8:56  Zealot  
  27  9:03  Zealot  
  27  9:06  Immortal  
  27  9:08  Probe  
  20  9:12  Probe  
  25  9:20  Charge, Probe x2  
  27  9:28  Zealot x2  
  27  9:30  Probe  
  31  9:32  Probe  
  33  9:42  Probe  
  34  9:48  Gateway  
  34  9:49  Gateway  
  34  9:50  Forge  
  34  9:51  Probe x2  
  34  9:54  Pylon  
  34  9:59  Probe x2  
  38  10:08  Zealot, Probe  
  41  10:18  Probe  
  41  10:20  Probe  
  41  10:21  Protoss Ground Weapons Level 1  
  42  10:30  Probe  
  43  10:47  Probe  
  43  10:48  Pylon  
  43  10:55  Probe  
  44  11:00  Stalker x3  
  51  11:04  Probe  
  52  11:12  Photon Cannon  
  52  11:16  Probe  
  53  11:28  Probe  
  53  11:32  Dark Templar x2  
  58  11:33  Dark Templar x2  
  58  11:38  Warp Prism  
  64  11:40  Archon x2, Probe  
  65  11:53  Assimilator  
  65  12:14  Immortal  
  63  12:45  Dark Templar x2  
  63  12:46  Dark Templar x2  
  62  12:59  Archon  
  54  13:34  Dark Templar x2  
  56  13:39  Zealot x2  
  62  13:42  Archon  
  62  13:51  Nexus  
  62  13:54  Pylon  
  62  14:05  Zealot x2  
  66  14:14  Stalker  
  66  14:15  Stalker  
  59  14:26  Dark Templar  
  59  14:27  Dark Templar  
  43  14:43  Dark Templar  
  43  14:45  Zealot  
  47  14:50  Pylon  
  47  14:55  Photon Cannon  
  47  14:59  Photon Cannon  
  43  15:12  Probe  
  44  15:15  Protoss Ground Weapons Level 2  
  44  15:20  Photon Cannon  
  44  15:22  Gateway  
  44  15:23  Gateway  
  44  15:24  Probe  
  44  15:26  Pylon  
  49  15:28  Immortal  
  49  15:38  Zealot x3  
  49  15:39  Zealot  
  57  15:54  Probe  
  58  16:06  Probe  
  58  16:07  Immortal  
  63  16:16  Nexus  
  63  16:17  Dark Templar  
  65  16:18  Probe  
  65  16:24  Archon  
  66  16:29  Pylon  
  66  16:31  Pylon  
  66  16:39  Sentry  
  68  16:40  Sentry  
  71  16:47  Observer  
  71  16:51  Templar Archives  
  71  17:30  Probe  
  71  17:35  Observer  
  71  17:36  Psionic Storm  
  72  17:38  Probe  
  73  17:46  High Templar x3  
  73  17:48  Probe  
  80  17:54  High Templar  
  82  18:00  Probe  
  82  18:06  Observer  
  82  18:12  Probe  
  84  18:14  Zealot  
  84  18:15  Zealot  
  88  18:24  Probe  
  89  18:35  Protoss Ground Weapons Level 3  
  89  18:36  Probe  
  90  18:41  Zealot x3  
  90  18:42  Zealot x3  
  90  18:48  Assimilator  
  102  18:49  Probe x2  
  102  18:50  Assimilator  
  102  18:51  Probe  
  105  18:58  Probe  
  105  19:00  Immortal  
  105  19:01  Probe  
  111  19:02  Stalker  
  111  19:03  Probe  
  111  19:06  Probe  
  114  19:10  Gateway  
  114  19:13  Gateway, Probe  
  114  19:16  Probe  
  117  19:23  Gateway  
  117  19:25  Probe  
  117  19:30  Pylon  
  118  19:34  Pylon  
  118  19:39  Immortal  
  122  19:45  Nexus  
  122  19:46  Stalker  
  120  20:08  Photon Cannon  
  120  20:09  Immortal  
  120  20:11  Photon Cannon  
  120  20:14  Shield Battery  
  120  20:16  Shield Battery  
  120  20:17  Probe  
  125  20:21  Pylon  
  125  20:29  Probe  
  125  20:31  High Templar x2  
  125  20:32  High Templar x2  
  125  20:33  High Templar  
  136  20:41  Probe  
  137  20:48  Immortal  
  141  20:53  Probe  
  140  21:05  Probe  
  140  21:06  Dark Templar x4  
  146  21:12  Protoss Ground Armor Level 1  
  110  21:27  Observer  
  110  21:32  Zealot x5  
  78  21:43  Archon x2  
  72  21:50  Stalker x3  
  72  21:51  Stalker  
  63  22:13  Stalker x3  
  63  22:14  Stalker x3  
  63  22:26  High Templar x3  
  69  22:33  Immortal  
  69  22:35  Probe  
  74  22:47  Probe  
  75  22:56  Protoss Shields Level 1  
  75  23:04  Nexus  
  75  23:12  Sentry x2, Immortal  
  81  23:13  Sentry  
  83  23:51  Immortal  
  76  24:10  Zealot x2  
  76  24:11  Zealot x2  
  57  24:34  Observer  
  56  24:53  Probe  
  57  25:05  Probe x2  
  54  25:12  Pylon  
  54  25:13  Probe  
  54  25:16  Pylon  
  54  25:17  Probe  
  55  25:23  Probe  
  54  25:29  Probe  
  54  25:35  Probe  
  56  25:41  Probe  
  56  25:42  Photon Cannon  
  59  25:43  Immortal  
  59  25:44  Photon Cannon  
  59  25:47  Probe  
  59  25:48  Photon Cannon  
  62  25:52  Photon Cannon x3  
  62  25:59  Assimilator, Probe  
  63  26:23  Immortal, Photon Cannon  
  67  26:40  Assimilator  
  67  26:52  Stalker x3, Nexus  
  73  27:02  Immortal  
  77  27:13  Pylon  
  77  27:17  Pylon  
  77  27:19  Pylon  
  77  27:24  Probe  
  78  27:30  Photon Cannon  
  78  27:33  Gateway  
  78  27:36  Probe  
  79  27:47  High Templar x3  
  79  27:48  Probe  
  79  27:49  Zealot x5  
  96  27:56  Observer  
  96  27:59  Protoss Ground Armor Level 2  
  96  28:00  Probe  
  98  28:12  Immortal  
  54  28:55  Zealot x3  
  54  28:56  Zealot x5  
  68  29:05  Gateway  
  68  29:06  Gateway  
  68  29:07  Probe  
  69  29:11  Gateway x2  
  68  29:18  Probe  
  68  29:26  Probe  
  67  29:33  Dark Templar  
  67  29:34  Probe, Dark Templar x3  
  67  29:35  Dark Templar x2  
  67  29:36  Dark Templar x2  
  71  30:00  Probe  
  70  30:12  Probe  
  71  30:21  Sentry x3  
  75  30:22  Sentry x2  
  75  30:24  Probe  
  75  30:26  Archon x3  
  75  30:27  Archon  
  82  30:31  Stalker x2  
  82  30:32  Stalker  
  88  30:36  Probe  
  62  31:02  Dark Templar x6  
  62  31:03  Dark Templar x3  
  80  31:08  Archon x4  
  49  31:38  Zealot x3  
  49  31:39  Zealot x4  
Tags
 
Add a new tag
Caveats
  • Supply blocks, unpowered buildings, or Contaminate may cause inaccurate times.
  • Supply counts are checked every 10 seconds.